 Dungeon Crawl Stone Soup version 0.20.1-1-g8b1a95d (webtiles) character file.

10920 Folque the Destroyer (level 11, 0/64 HPs)
             Began as an Octopode Wizard on Nov 17, 2017.
             Was an Elder of Sif Muna.
             Slain by a hippogriff (4 damage)
             ... on level 1 of the Lair of Beasts.
             The game lasted 01:21:03 (16501 turns).

Folque the Destroyer (Octopode Wizard)             Turns: 16501, Time: 01:21:04

Health: 0/64       AC:  2    Str: 11    XL:     11   Next: 69%
Magic:  30/33      EV: 12    Int: 27    God:    Sif Muna [****..]
Gold:   607        SH:  0    Dex: 10    Spells: 15/29 levels left

rFire    + . .     SeeInvis +   T - +4 scimitar (flame)
rCold    . . .     Gourm    .   (no shield)
rNeg     . . .     Faith    .   a - +1 hat
rPois    .         Spirit   .   (no amulet)
rElec    .         Reflect  .   s - +4 ring of strength
rCorr    +         Harm     .   E - ring of see invisible
MR       +....                  q - ring of resist corrosion
Stlth    +++.......             X - ring of stealth
Regen    1.2/turn               h - ring of protection from magic
MPRegen  0.3/turn               m - +3 ring of intelligence
                                v - ring of magical power
                                w - ring of protection from fire

@: regenerating (expiring), heavily drained, divine energy
A: almost no armour, stealthy swim, amphibious, 8 rings, constrict 8, camouflage
1, gelatinous body 1
a: Stop Divine Energy, Channel Magic, Forget Spell, Renounce Religion


You were on level 1 of the Lair of Beasts.
You worshipped Sif Muna.
Sif Muna was greatly pleased with you.
You were not hungry.

You visited 3 branches of the dungeon, and saw 12 of its levels.

You collected 685 gold pieces.
You spent 78 gold pieces at shops.

Inventory:

Hand Weapons
 d - a +0 dagger
 n - a +0 short sword
 r - a +0 spear
 y - a +2 short sword of venom
 T - a +4 scimitar of flaming (weapon)
Missiles
 f - 7 tomahawks
 D - 2 throwing nets (quivered)
Armour
 a - a +1 hat (worn)
Jewellery
 h - a ring of protection from magic (on tentacle)
 m - a +3 ring of intelligence (on tentacle)
 q - a ring of resist corrosion (on tentacle)
 s - a +4 ring of strength (left tentacle)
 v - a ring of magical power (on tentacle)
 w - a ring of protection from fire (on tentacle)
 E - a ring of see invisible (right tentacle)
 X - a ring of stealth (on tentacle)
Wands
 C - a wand of iceblast (12/15)
 J - a wand of lightning (10/15)
 N - a wand of confusion (30/48)
 O - a wand of random effects (34/48)
 Q - a wand of lightning (0/15)
Scrolls
 o - 2 scrolls of enchant armour
 x - 2 scrolls of magic mapping {unknown}
 B - a scroll of teleportation
 I - a scroll of identify
 M - 3 scrolls of recharging
 S - a scroll of torment {unknown}
 Y - a scroll of holy word {unknown}
Potions
 e - 2 potions of degeneration {unknown}
 g - 2 potions of berserk rage {unknown}
 j - a potion of ambrosia {unknown}
 l - 3 potions of curing
 p - 2 potions of lignification
 u - a potion of agility {unknown}
 A - a potion of brilliance {unknown}
 F - 4 potions of flight {unknown}
 K - a potion of might {unknown}
 L - a potion of haste {unknown}
 R - 2 potions of magic
 U - a potion of heal wounds {unknown}
 W - a potion of mutation {unknown}
Books
 b - a book of Minor Magic

   Spells                             Type                      Level
   a - Magic Dart                     Conjuration                  1
   b - Blink                          Translocation                2
   c - Call Imp                       Summoning                    2
   d - Slow                           Hexes                        2
   e - Conjure Flame                  Conjuration/Fire             3
   f - Mephitic Cloud                 Conjuration/Poison/Air       3
 t - a book of Flames

   Spells                             Type                      Level
   a - Flame Tongue                   Conjuration/Fire             1
   b - Throw Flame                    Conjuration/Fire             2
   c - Conjure Flame                  Conjuration/Fire             3
   d - Inner Flame                    Hexes/Fire                   3
   e - Sticky Flame                   Conjuration/Fire             4
   f - Fireball                       Conjuration/Fire             5
 G - a book of Battle

   Spells                             Type                      Level
   a - Infusion                       Charms                       1
   b - Shroud of Golubria             Charms/Translocation         2
   c - Song of Slaying                Charms                       2
   d - Spectral Weapon                Hexes/Charms                 3
   e - Regeneration                   Charms/Necromancy            3
 H - a book of Changes

   Spells                             Type                      Level
   a - Beastly Appendage              Transmutation                1
   b - Sticks to Snakes               Transmutation                2
   c - Spider Form                    Transmutation/Poison         3
   d - Ice Form                       Ice/Transmutation            4
   e - Blade Hands                    Transmutation                5
 P - a book of Necromancy

   Spells                             Type                      Level
   a - Pain                           Necromancy                   1
   b - Animate Skeleton               Necromancy                   1
   c - Vampiric Draining              Necromancy                   3
   d - Regeneration                   Charms/Necromancy            3
   e - Animate Dead                   Necromancy                   4
   f - Control Undead                 Necromancy                   4
Miscellaneous
 V - a sack of spiders
Comestibles
 c - 9 bread rations
 i - 12 fruits
 k - 5 meat rations
 z - 12 royal jellies
 Z - 3 chunks of flesh


   Skills:
 - Level 2.0(0.4) Fighting
 - Level 2.0(0.3) Dodging
 - Level 2.6(1.0) Stealth
 * Level 9.7(7.7) Spellcasting
 + Level 12.8(10.6) Conjurations
 - Level 3.1(1.4) Charms
 - Level 1.0(0.0) Summonings
 - Level 3.1(1.4) Necromancy
 - Level 2.4(0.8) Translocations
 - Level 3.1(1.5) Poison Magic
 - Level 4.0(2.3) Invocations


You had 15 spell levels left.
You knew the following spells:

 Your Spells              Type           Power        Failure   Level  Hunger
a - Magic Dart            Conj           ####         1%          1    None
b - Call Imp              Summ           ##......     9%          2    None
c - Blink                 Tloc           N/A          6%          2    None
d - Mephitic Cloud        Conj/Pois/Air  ####....     3%          3    None
e - Shroud of Golubria    Chrm/Tloc      ###.......   4%          2    None
f - Regeneration          Chrm/Necr      ###.......   9%          3    None
g - Pain                  Necr           ###.         3%          1    None


Dungeon Overview and Level Annotations

Branches:
Dungeon (10/15)            Temple (1/1) D:5            Lair (1/6) D:8
    Orc (0/2) D:10

Altars:
Ashenzari
Cheibriados
Dithmenos
Elyvilon
Fedhas
Gozag
Hepliaklqana
Kikubaaqudgha
Makhleb
Nemelex Xobeh
Okawaru
Qazlal
Ru
Sif Muna
Trog
Uskayaw
Vehumet
Xom
Yredelemnul
Zin
The Shining One

Shops:
D:5 ?::   D:7 ?

Annotations:
D:3 Thomus's ghost, novice MiBe
D:6 Edgeworth's ghost, novice DDFi


Innate Abilities, Weirdness & Mutations

You cannot wear most types of armour.
You are very stealthy in the water. (Stealth+)
You are amphibious.
You can wear up to eight rings at the same time.
You can use your tentacles to constrict eight enemies at once.
Your skin changes colour to match your surroundings (Stealth+).
Your rubbery body absorbs attacks. (AC +1, EV +1)


Message History

The hell rat misses you.
You riposte.
You hit the hell rat. You burn the hell rat. You grab the hell rat.
You squeeze the hell rat, but do no damage.
The hell rat is heavily wounded.
The river rat closely misses you.
You riposte.
You hit the river rat but do no damage. Your grab misses the river rat.
Your squeeze misses the river rat.
The river rat is heavily wounded.
You feel better.
You constrict the hell rat. The hell rat bites you!
* * * LOW HITPOINT WARNING * * *
You feel drained.
* * * LOW HITPOINT WARNING * * *
Your shroud falls apart!
The river rat bites you.
* * * LOW HITPOINT WARNING * * *
Casting: Blink
Confirm with . or Enter, or press ? or * to list all spells.
You blink.
You lose your grip on the hell rat.
The hippogriff closely misses you. x2; The hippogriff claws you.
You die...

#>..####.### #...††.##...##
#........#####......####...
#P.###........#......P# ##..
## #.#..###.'......## ###
..# ####.########.......# #
#..#####.##..###..........##
.................####.#####
#.#......##.###..## ###
##+.+######.#.@P# #...#
#.H.## #.r.# ##rr# +...+
#§.r# #†.+.# #...# ..##.#.
##..# %.. . . #..# .. r ..
#..# . .r .# ...#


You could see a hippogriff, a hell rat and 2 river rats.

Vanquished Creatures
  Erica (D:8)
  A two-headed ogre (D:10)
  Nergalle (D:10)
  Maurice (D:10)
  Joseph (D:8)
  2 trolls (D:10)
  A queen bee (D:9)
  A hornet (D:8)
  A blink frog (Lair:1)
  5 hippogriffs
  A wyvern (D:10)
  5 yaks (D:10)
  2 water moccasins
  A hornet zombie (D:10)
  2 ice beasts
  An orc warrior (D:7)
  5 ogres
  4 sky beasts
  3 phantoms
  10 centaurs
  2 crocodiles
  A big kobold (D:9)
  3 bullfrogs
  A water moccasin zombie (D:7)
  5 scorpions
  20 killer bees
  A troll zombie (D:10)
  2 howler monkeys
  5 crimson imps
  8 hounds
  3 bullfrog zombies
  4 orc priests
  5 orc wizards
  2 hell rats (Lair:1)
  7 worker ants
  An ogre zombie (D:10)
  2 hound skeletons (D:4)
  2 worker ant zombies
  3 gnolls (D:5)
  3 howler monkey skeletons
  9 adders
  3 river rats (Lair:1)
  2 shadow imps
  2 adder skeletons
  An adder zombie (D:7)
  3 leopard geckos
  31 orcs
  3 giant cockroaches
  8 goblins
  6 hobgoblins
  8 quokkas
  3 ball pythons
  10 bats
  4 frilled lizards
  A goblin skeleton (D:10)
  A jackal skeleton (D:6)
  7 kobolds
  An orc skeleton (D:10)
  2 orc zombies (D:10)
  14 rats
248 creatures vanquished.

Vanquished Creatures (collateral kills)
  A yak (D:10)
  3 hungry ghosts
  Menkaure (D:5)
  An acid dragon (D:7)
  A water moccasin (D:7)
  2 ice beasts
  3 bullfrogs
  10 killer bees
  A jelly (D:6)
  An orc priest (D:5)
  10 adders
  A leopard gecko (D:2)
  2 orcs
  A giant cockroach (D:3)
  A giant cockroach zombie (D:5)
  A kobold (D:2)
  An orc zombie (D:10)
  A rat (D:2)
42 creatures vanquished.

Vanquished Creatures (others)
  An ice beast (D:10)
  An ogre (D:8)
  A quokka (D:8)
  A plant (Lair:1)
4 creatures vanquished.

Grand Total: 294 creatures vanquished

Notes
Turn   | Place    | Note
-------+----------+-------------------------------------------
     0 | D:1      | Folque the Octopode Wizard began the quest for the Orb.
     0 | D:1      | Reached XP level 1. HP: 11/11 MP: 4/4
   104 | D:1      | Reached skill level 1 in Fighting
   225 | D:1      | Reached XP level 2. HP: 18/18 MP: 6/6
   230 | D:1      | Learned a level 2 spell: Call Imp
   233 | D:1      | Learned a level 2 spell: Blink
   652 | D:2      | Reached XP level 3. HP: 16/24 MP: 2/7
   657 | D:2      | Learned a level 3 spell: Mephitic Cloud
  1233 | D:2      | Reached skill level 1 in Poison Magic
  1742 | D:2      | Reached XP level 4. HP: 15/29 MP: 9/9
  3026 | D:3      | Reached skill level 2 in Conjurations
  3539 | D:3      | Noticed Thomus's ghost (novice MiBe)
  3622 | D:3      | Reached XP level 5. HP: 11/34 MP: 8/10
  4586 | D:4      | Reached skill level 3 in Conjurations
  4586 | D:4      | Reached XP level 6. HP: 39/39 MP: 1/12
  4896 | D:4      | Noticed an ice beast
  4949 | D:4      | Killed an ice beast
  4949 | D:4      | Reached skill level 4 in Conjurations
  5107 | D:4      | Reached XP level 7. HP: 40/45 MP: 7/13
  5114 | D:4      | Reached skill level 5 in Conjurations
  5567 | D:5      | Entered Level 5 of the Dungeon
  5687 | D:5      | Found Durrid Gerr's Book Boutique.
  5869 | D:5      | Found a staircase to the Ecumenical Temple.
  5878 | Temple   | Entered the Ecumenical Temple
  5886 | Temple   | Became a worshipper of Sif Muna the Loreminder
  6039 | D:5      | Learned a level 2 spell: Shroud of Golubria
  6244 | D:5      | Reached skill level 5 in Spellcasting
  6244 | D:5      | Reached skill level 6 in Conjurations
  6308 | D:5      | Noticed Menkaure
  6569 | D:5      | Reached skill level 1 in Charms
  6619 | D:5      | Killed Menkaure
  6619 | D:5      | Reached XP level 8. HP: 16/50 MP: 10/15
  6889 | D:5      | Found Jetoredd's Magic Scroll Shoppe.
  6892 | D:5      | Bought a scroll of identify for 26 gold pieces
  6892 | D:5      | Bought a scroll of identify for 26 gold pieces
  6892 | D:5      | Bought a scroll of identify for 26 gold pieces
  6901 | D:5      | Found Rysuirph's Book Shop.
  7561 | D:6      | Found a shattered altar of Ashenzari.
  7593 | D:6      | Noticed Edgeworth's ghost (novice DDFi)
  7726 | D:5      | Reached * piety under Sif Muna
  7734 | D:5      | Learned a level 3 spell: Regeneration
  8038 | D:6      | Reached skill level 1 in Necromancy
  8318 | D:7      | Reached skill level 7 in Conjurations
  8318 | D:7      | Reached XP level 9. HP: 54/54 MP: 9/17
  8619 | D:7      | Reached ** piety under Sif Muna
  8737 | D:7      | Found Qatipp's Magic Scroll Shop.
  8831 | D:7      | Reached skill level 1 in Invocations
  9158 | D:7      | Reached skill level 8 in Conjurations
 10434 | D:8      | Noticed a hornet
 10442 | D:8      | Killed a hornet
 10442 | D:8      | Reached skill level 9 in Conjurations
 10514 | D:8      | Found a staircase to the Lair.
 10585 | D:8      | Reached XP level 10. HP: 58/60 MP: 14/20
 10672 | D:8      | Noticed Joseph
 10691 | D:8      | HP: 3/60 [Joseph/sling bullet (16)]
 10697 | D:8      | Killed Joseph
 10697 | D:8      | Reached *** piety under Sif Muna
 11025 | D:8      | Noticed a gargoyle
 11259 | D:8      | Noticed Erica
 11282 | D:8      | Killed Erica
 11282 | D:8      | Reached skill level 10 in Conjurations
 12540 | D:9      | Reached skill level 11 in Conjurations
 13203 | D:9      | Reached **** piety under Sif Muna
 13476 | D:9      | Reached XP level 11. HP: 64/64 MP: 16/23
 13935 | D:9      | Reached skill level 12 in Conjurations
 13966 | D:10     | Entered Level 10 of the Dungeon
 14600 | D:10     | Noticed Maurice
 14635 | D:10     | Killed Maurice
 14820 | D:10     | Noticed Nergalle
 14935 | D:10     | Killed Nergalle
 14982 | D:10     | Found a sacrificial altar of Ru.
 15510 | D:10     | Found a staircase to the Orcish Mines.
 15720 | D:10     | Noticed a two-headed ogre
 15774 | D:10     | Killed a two-headed ogre
 15777 | D:10     | Learned a level 1 spell: Pain
 16201 | Lair:1   | Entered Level 1 of the Lair of Beasts
 16500 | Lair:1   | HP: 3/64 [river rat (1)]
 16501 | Lair:1   | Slain by a hippogriff

Skill      XL: |  1  2  3  4  5  6  7  8  9 10 11 |
---------------+----------------------------------+-----
Fighting       | 1 2 |  2.0
Poison Magic   | 1 2 3 |  3.1
Conjurations   | 2 3 4 6 7 9 11 12 | 12.8
Spellcasting   | 4 5 6 8 9 |  9.7
Charms         | 1 3 |  3.1
Translocations | 2 |  2.4
Necromancy     | 3 |  3.1
Invocations    | 4 |  4.0
Dodging        | |  2.0
Stealth        | |  2.6
Summonings     | |  1.0

Action                   |  1- 3 |  4- 6 |  7- 9 | 10-12 || total
-------------------------+-------+-------+-------+-------++-------
Melee: Dagger            |    17 |       |       |       ||    17
       Tentacles         |    10 |    19 |    36 |    49 ||   114
       Constrict         |    17 |    29 |    57 |    50 ||   153
       Unarmed           |     2 |       |       |       ||     2
       Short sword       |    65 |    90 |   205 |    13 ||   373
       Spear             |       |    32 |       |       ||    32
       Scimitar          |       |       |       |   241 ||   241
Throw: Throwing net      |       |       |     2 |       ||     2
       Tomahawk          |       |       |     1 |       ||     1
 Cast: Call Imp          |    16 |    29 |    56 |    56 ||   157
       Magic Dart        |     3 |    13 |    15 |    18 ||    49
       Blink             |       |     7 |    12 |    42 ||    61
       Mephitic Cloud    |       |     8 |    37 |    85 ||   130
       Regeneration      |       |       |       |    17 ||    17
       Shroud of Golubri |       |       |       |    22 ||    22
       Pain              |       |       |       |     4 ||     4
Invok: Divine Energy     |       |       |     1 |       ||     1
       Channel Magic     |       |       |       |     3 ||     3
Evoke: Wand              |       |       |     1 |     3 ||     4
  Use: Scroll            |     1 |     5 |     6 |     7 ||    19
       Potion            |       |     1 |     1 |     2 ||     4
 Stab: Sleeping          |    13 |     8 |     3 |     1 ||    25
       Confused          |       |     4 |    11 |    20 ||    35
       Distracted        |       |       |     1 |       ||     1
  Eat: Chunk             |     3 |    11 |    10 |    20 ||    44
       Meat ration       |       |       |     2 |       ||     2
Armor: Skin              |     6 |     6 |    11 |    17 ||    40
Dodge: Dodged            |    36 |    64 |    93 |   182 ||   375
       Rpst.: Scimitar   |       |       |       |    50 ||    50
